 Dungeon Crawl Stone Soup version 0.28.0-43-g3370ac3207 (webtiles) character file.

Game seed: 8414333265500240738

144 experimilk the Chopper (level 5, -4/66 HPs)
             Began as a Palentonga Fighter on Mar 25, 2022.
             Slain by a goblin
             ... wielding a +2 dagger of protection
             ... led by Robin
              (6 damage)
             ... on level 2 of the Dungeon.
             The game lasted 00:03:35 (1461 turns).

experimilk the Chopper (Palentonga Fighter)         Turns: 1461, Time: 00:03:35

Health: -4/66      AC:  6    Str: 21    XL:     5   Next: 5%
Magic:  5/5        EV:  8    Int:  9    God:
Gold:   143        SH:  4    Dex:  9    Spells: 4/4 levels left

rFire   . . .      SeeInvis +   a - +0 war axe
rCold   . . .      Faith    .   c - +0 buckler
rNeg    . . .      Spirit   .   h - +0 ring mail
rPois   .          Reflect  .   (no helmet)
rElec   .          Harm     .   (no cloak)
rCorr   .          Rampage  .   (no gloves)
Will    .....                   (no barding)
Stlth   ..........              (no amulet)
HPRegen 0.21/turn               (no ring)
MPRegen 0.09/turn               (no ring)

@: mighty, berserking, very quick
A: large, rugged brown scales 3, see invisible, deformed body, roll 1, armoured
tail
a: Rolling Charge


You were on level 2 of the Dungeon.
You visited 1 branch of the dungeon, and saw 3 of its levels.

You collected 143 gold pieces.

Inventory:

Hand Weapons
 a - a +0 war axe (weapon)
Armour
 c - a +0 buckler (worn)
 h - a +0 ring mail (worn)
Jewellery
 m - a +6 ring of strength
Scrolls
 b - a scroll of noise {unknown}
 e - a scroll of immolation {unknown}
 f - 2 scrolls of teleportation {unknown}
 i - 2 scrolls of fear {unknown}
 k - a scroll of identify {unknown}
Potions
 d - a potion of might
 l - a potion of cancellation {unknown}
 n - a potion of heal wounds {unknown}


   Skills:
 + Level 4.1 Fighting
 * Level 4.4 Axes
 - Level 2.4 Armour
 - Level 2.4 Shields


You had 4 spell levels left.
You didn't know any spells.
Your spell library contained the following spells:

 Spells                   Type           Power      Damage    Failure   Level
 Summon Small Mammal      Summ           0%         N/A       63%         1
 Corpse Rot               Necr/Air       0%         N/A       77%         2
 Call Canine Familiar     Summ           0%         N/A       94%         3
 Summon Guardian Golem    Hex/Summ       0%         N/A       94%         3
 Dispel Undead            Necr           0%         3d6       100%        4
 Death Channel            Necr           0%         N/A       100%        6


Dungeon Overview and Level Annotations

Branches:
Dungeon (3/15)

Altars:

Annotations:
D:2 Robin


Innate Abilities, Weirdness & Mutations

You are completely covered in rugged brown scales. (AC +3, +7% HP)
You have supernaturally acute eyesight. (SInv)
Armour fits poorly on your strangely shaped body.
You can roll at nearby foes to attack.
You have a long armoured tail.


Message History

The hobgoblin barely misses you. The goblin hits you but does no damage.
The goblin hits you with a +0 club.
A goblin comes into view.
It is wielding a +2 dagger of protection.
You barely miss the goblin. You tail-slap the goblin.
You kill the goblin!
You miss the goblin. You barely miss the hobgoblin.
You block the hobgoblin's attack. The goblin hits you with a +0 club.
The hobgoblin hits you.
* * * LOW HITPOINT WARNING * * *
A ball python comes into view.
The ball python hisses angrily.
You hear a shout!
The goblin hits you with a +0 club.
* * * LOW HITPOINT WARNING * * *
You block Robin's attack.
A hobgoblin comes into view.
The hobgoblin hits you.
* * * LOW HITPOINT WARNING * * *
Items here: ( )))) [ †.
It was a potion of magic.
Magic courses through your body. The goblin hits you with a +0 club.
* * * LOW HITPOINT WARNING * * *
Robin zaps a wand.
You resist with some effort.
The hobgoblin hits you but does no damage.
It was a potion of berserk rage.
A red film seems to cover your vision as you go berserk!
You feel yourself moving faster!
You feel mighty! The goblin completely misses you.
Robin roars a battlecry!
The hobgoblin goes into a battle-frenzy!
The hobgoblin closely misses you.
You hit the hobgoblin.
You kill the hobgoblin!
You slash the goblin!
You kill the goblin!
Robin zaps a wand.
You resist with some effort.
You hit the goblin.
Your tail-slap misses the goblin.
The goblin is moderately wounded.
You block Robin's attack.
The goblin hits you with a +2 dagger of protection.
You die...

# .# #
#.# #
##.# #
...## #
### ...
#####
#... ..#
.....
#..##.#
#####
#..)>)#
#.##)@#
#......g#
###...gS.
####.###
#g# #.#
#.# #.


You could see Robin, a hobgoblin (strong), a goblin (strong) and a ball python.

Vanquished Creatures
  A howler monkey (D:2)
  Jessica (D:2)
  3 adders (D:2)
  7 ball pythons
  4 bats
  2 endoplasms (D:2)
  3 giant cockroaches (D:1)
  12 goblins
  4 hobgoblins
  4 kobolds
  3 quokkas
  7 rats
51 creatures vanquished.

Notes
Turn   | Place    | Note
-------+----------+-------------------------------------------
     0 | D:1      | experimilk the Palentonga Fighter began the quest for the
                  | Orb.
     0 | D:1      | Reached XP level 1. HP: 19/19 MP: 1/1
    38 | D:1      | Reached XP level 2. HP: 24/25 MP: 2/2
    68 | D:1      | Found a faded altar of an unknown god.
   533 | D:2      | Reached XP level 3. HP: 22/31 MP: 3/3
   693 | D:2      | Reached XP level 4. HP: 25/39 MP: 4/4
  1433 | D:2      | You fall into a shaft and drop 1 floor!
  1446 | D:2      | Noticed Jessica
  1451 | D:2      | Noticed Robin
  1454 | D:2      | Killed Jessica
  1455 | D:2      | Reached XP level 5. HP: 21/44 MP: 5/5
  1457 | D:2      | HP: 2/44 [hobgoblin[Robin] (5)]
  1461 | D:2      | Slain by a goblin

Illustrated notes

Levels and vault maps discovered:
D:1:      saegor_arrival_simple_b, layout_basic, ebering_ecumenical_altar_box
D:2:      layout_loops_cross, kennysheep_another_room, uniq_jessica, uniq_robin
D:3:      layout_loops_cross, uniq_sigmund

Skill      XL: |  1  2  3  4 |
---------------+-------------+-----
Axes           | 3 4 |  4.4
Fighting       | 4 |  4.1
Armour         | |  2.4
Shields        | |  2.4

Action                   |  1- 3 |  4- 6 || total
-------------------------+-------+-------++-------
Melee: War axe           |    62 |    76 ||   138
       Tailslap          |     5 |     5 ||    10
 Abil: Rolling Charge    |     9 |     9 ||    18
  Use: Potion            |       |     3 ||     3
Armor: Scale mail        |     3 |       ||     3
       Ring mail         |    35 |    43 ||    78
Dodge: Dodged            |    21 |    34 ||    55
Block: Buckler           |     9 |    16 ||    25
